 Dungeon Crawl Stone Soup version 0.15-b1-90-gf40f08b (webtiles) character file.

59994 Kae the Bludgeoner (level 14, 0/136 HPs)
             Began as a Minotaur Fighter on Aug 17, 2014.
             Was a High Priest of Qazlal.
             Killed from afar by a starcursed mass (10 damage)
             ... with an accursed screaming
             ... on Level 1 of the Abyss.
             The game lasted 00:37:30 (20617 turns).

Kae the Bludgeoner (Minotaur Fighter)              Turns: 20617, Time: 00:37:30

HP   0/136       AC 25     Str 24      XL: 14   Next: 55%
MP  24/24        EV  5     Int  7      God: Qazlal [*****.]
Gold 1354        SH 17     Dex 10      Spells:  0 memorised, 13 levels left

rFire  + . .     SeeInvis .     I - +8 whip of Responsibility {vamp, Noisy rPois rF+ rC+}
rCold  + . .     Clarity  .     y - +0 plate armour
rNeg   . . .     rCorr    .     c - +0 shield
rPois  +         rRot     .     (helmet restricted)
rElec  .         Spirit   .     G - +2 cloak
SustAb .         Warding  .     K - +0 pair of gloves
rMut   .         Stasis   .     (no boots)
Gourm  .                        e - amulet of faith
MR     +....                    (no ring)
                                p - ring of poison resistance

@: exhausted, protected from physical damage, very slightly contaminated, hasted
and slowed, repel missiles, somewhat resistant to hostile enchantments,
extremely unstealthy
A: retaliatory headbutt, horns 2, wild magic 1
a: Upheaval, Elemental Force, Disaster Area, Renounce Religion


You were on level 1 of the Abyss.
You worshipped Qazlal.
Qazlal was extremely pleased with you.
You were very hungry.

You visited 3 branches of the dungeon, and saw 21 of its levels.
You visited the Abyss 1 time.

You collected 1354 gold pieces.

Inventory:

Hand weapons
 I - the +8 whip of Responsibility (weapon) {vamp, Noisy rPois rF+ rC+}
   (You found it on level 4 of the Dungeon)

   It inflicts no extra harm, but heals its wielder somewhat when it strikes a
   living foe.
   It protects you from fire.
   It protects you from cold.
   It protects you from poison.
   It may make noises in combat.
Armour
 c - a +0 shield (worn)
 k - the -4 hat of Courage {rElec rN+}
   (You acquired it on level 8 of the Lair of Beasts)

   It insulates you from electricity.
   It protects you from negative energy.
 v - a +0 large shield
 y - a +0 plate armour (worn)
 G - a +2 cloak (worn)
 K - a +0 pair of gloves (worn)
Magical devices
 F - a wand of hasting (2)
 N - a wand of draining (4)
 U - a wand of slowing (10)
 W - a wand of disintegration (16)
Comestibles
 a - a royal jelly
 b - 4 rotting chunks of troll flesh
 m - 11 meat rations
 q - 10 fruits
 x - 6 bread rations
 z - 3 beef jerkies
 D - 3 slices of pizza
Scrolls
 d - a scroll of enchant weapon
 h - a scroll of enchant armour
 i - 4 scrolls of teleportation
 j - 3 scrolls of recharging
 s - 4 scrolls of remove curse
 A - a scroll of amnesia
 B - a scroll of silence
 J - a scroll of holy word
 L - 3 scrolls of magic mapping
 O - a scroll of fog
 S - 5 scrolls of identify
Jewellery
 e - an amulet of faith (around neck)
 o - an uncursed ring of teleport control
 p - a ring of poison resistance (left hand)
 E - an uncursed ring of sustain abilities
 M - an uncursed ring of wizardry
 X - an uncursed amulet of warding
Potions
 f - 3 potions of porridge
 g - 3 potions of restore abilities
 l - 5 potions of curing
 n - 5 potions of flight
 t - 3 potions of haste
 u - a potion of berserk rage
 w - a potion of magic
 P - a potion of cancellation
 Q - a potion of resistance
 V - 3 potions of might
Books
 r - a book of Maledictions

   Spells                             Type                      Level
   Corona                             Hexes                        1
   Sure Blade                         Hexes/Charms                 2
   Ensorcelled Hibernation            Hexes/Ice                    2
   Confuse                            Hexes                        3
   Dazzling Spray                     Conjuration/Hexes            3
   Enslavement                        Hexes                        4
 T - a book of Transfigurations

   Spells                             Type                      Level
   Stoneskin                          Transmutation/Earth          2
   Ice Form                           Ice/Transmutation            4
   Statue Form                        Transmutation/Earth          6
   Dragon Form                        Transmutation                7


   Skills:
 * Level 15.9 Fighting
 - Level 16.6 Maces & Flails
 * Level 15.7 Armour
 - Level 3.6 Shields
 + Level 9.7 Invocations


You had 13 spell levels left.
You didn't know any spells.

Dungeon Overview and Level Annotations

Branches:
Dungeon (12/15)            Temple (1/1) D:6             Orc (0/4) D:11
   Lair (8/8) D:11         Shoals (0/5) Lair:4        Snake (0/5) Lair:5
  Slime (0/6) Lair:7

Altars:
Ashenzari
Cheibriados
Dithmenos
Elyvilon
Fedhas
Kikubaaqudgha
Makhleb
Nemelex Xobeh
Okawaru
Qazlal
Sif Muna
Trog
Vehumet
Xom
Yredelemnul
Zin
The Shining One

Shops:
D:9 :

Portals:
Hell: Lair:8

Annotations:
D:12 Sonja
Lair:4 exclusion: oklob plant


Innate Abilities, Weirdness & Mutations

You reflexively headbutt those who attack you in melee.
You have a pair of horns on your head.
Your spells are a little harder to cast, but a little more powerful.


Message History

The starcursed mass is lightly damaged.
The starcursed mass shudders and is absorbed by its neighbour.
Something hits you but does no damage.
Unknown command.
You are feeling very hungry.
You whack the starcursed mass! You headbutt the starcursed mass.
The starcursed mass is heavily damaged.
The starcursed mass shudders and is absorbed by its neighbour.
A chorus of shrieks assaults your mind.
* * * LOW HITPOINT WARNING * * *
You hit the starcursed mass.
Your whip of Responsibility inquires about your family.
You headbutt the starcursed mass, but do no damage.
The starcursed mass is moderately damaged.
The starcursed mass shudders and is absorbed by its neighbour.
Something hits you!
* * * LOW HITPOINT WARNING * * *
You whack something! You headbutt something.
A starcursed mass splits.
A chorus of shrieks assaults your mind.
You die...

. . ## # ## ### #
.##....# # #. .
.....#.#. .. .. # §
....§. .##.. #.. #
§# ##.§##### ..##..
. # # ...
#.#@#...#... # . .
..X..#.#.#.##.###..
## ###XX.X.....1..
# ........§...1..
#. #
#####.......#.#.##
#...#...## ##
##......## #
########


You could see 3 starcursed masses and a Hell Sentinel.

Vanquished Creatures
  Maud (Lair:7)
  A dire elephant (Lair:8)
  Snorg (Lair:6)
  The ghost of Simboubou the Basher, a powerful MiBe of Trog (D:10)
  Fannar (Lair:3)
  6 hydras
  Erica (Lair:7)
  A sun demon (Lair:8)
  A fire crab (Lair:8)
  An unseen horror (D:12)
  A hill giant (D:11)
  2 large abominations (Abyss:1)
  A manticore (Lair:4)
  5 slime creatures
  A wizard (Lair:8)
  A griffon (Lair:4)
  A sixfirhy (Abyss:1)
  5 elephants
  7 black mambas
  5 orange demons
  A queen ant (Lair:4)
  17 spiny frogs
  A torpor snail (Lair:4)
  A smoke demon (Lair:8)
  A feature mimic (Lair:5)
  6 komodo dragons
  An efreet (Abyss:1)
  3 fire drakes
  A red devil (Lair:8)
  3 blue devils (Lair:8)
  A hellwing (Lair:8)
  Grinder (D:3)
  3 trolls
  2 polar bears
  28 blink frogs
  Prince Ribbit (Lair:2)
  2 basilisks
  2 deep elf magi (D:11)
  3 redbacks (Lair:7)
  A spriggan (D:7)
  Eustachio (D:5)
  A wyvern (Lair:4)
  49 yaks
  A warg (D:11)
  2 hungry ghosts
  9 hippogriffs
  16 wolves
  4 nagas (Lair:5)
  2 sky beasts
  A phantom (D:9)
  12 porcupines
  13 water moccasins
  5 soldier ants (Lair:4)
  2 necrophages
  A hell hound (Lair:8)
  8 orc warriors
  9 centaurs
  13 crocodiles
  An ice beast (D:12)
  The ghost of benob the Grave Robber, an average DsNe (D:3)
  3 boring beetles
  A big kobold (D:12)
  5 ogres
  18 giant frogs
  A wyvern zombie (D:10)
  An eye of draining (D:12)
  A scorpion (D:4)
  A cyclops skeleton (D:12)
  3 wights (D:10)
  5 killer bees (D:10)
  6 crimson imps
  3 goliath beetles
  An iron imp (D:5)
  A giant frog zombie (D:11)
  A quasit (D:7)
  3 starcursed masses (Abyss:1)
  9 orc priests
  2 electric eels
  9 hounds
  Crazy Yiuf (D:4)
  A kobold zombie (D:10)
  2 giant frog skeletons
  8 jellies
  13 worker ants
  Natasha (twice) (D:3)
  11 iguanas
  A two-headed ogre skeleton (D:10)
  2 orange rats (Lair:5)
  5 orc wizards
  19 sheep
  A sky beast zombie (D:6)
  Ijyb (D:2)
  Jessica (D:3)
  An ogre skeleton (D:5)
  2 big kobold skeletons
  Terence (D:2)
  4 gnolls (D:7)
  41 green rats
  A worker ant zombie (D:8)
  19 adders
  A giant mite (D:2)
  5 shadow imps
  A white imp (Abyss:1)
  3 worms
  An iguana skeleton (D:8)
  An orc zombie (D:10)
  An orc skeleton (D:10)
  4 oozes
  33 orcs
  6 giant cockroaches
  7 hobgoblins
  20 jackals
  8 quokkas
  2 ball pythons
  15 bats
  6 giant geckos
  19 giant newts
  2 giant spores
  A gnoll skeleton (D:5)
  4 goblins
  12 kobolds
  A kobold skeleton (D:6)
  20 rats
  5 ballistomycetes
  3 butterflies
  58 fungi
  39 plants
763 creatures vanquished.

Vanquished Creatures (collateral kills)
  A red devil (Lair:8)
1 creature vanquished.

Vanquished Creatures (others)
  A fire elemental (Lair:8)
  A giant spore (D:7)
  4 plants
6 creatures vanquished.

Grand Total: 770 creatures vanquished

Notes
Turn   | Place    | Note
--------------------------------------------------------------
     0 | D:1      | Kae, the Minotaur Fighter, began the quest for the Orb.
     0 | D:1      | Reached XP level 1. HP: 19/19 MP: 1/1
   136 | D:1      | Reached XP level 2. HP: 24/26 MP: 1/1
   630 | D:2      | Reached skill level 4 in Maces & Flails
   633 | D:2      | Reached XP level 3. HP: 29/31 MP: 2/2
   693 | D:2      | Noticed Terence
   706 | D:2      | Killed Terence
   730 | D:2      | Reached skill level 5 in Maces & Flails
   746 | D:2      | Noticed Ijyb
   768 | D:2      | Killed Ijyb
   768 | D:2      | Reached XP level 4. HP: 20/39 MP: 2/2
   789 | D:2      | Found a deep blue altar of Sif Muna.
  1000 | D:2      | Reached skill level 6 in Maces & Flails
  1502 | D:3      | Reached XP level 5. HP: 45/45 MP: 2/2
  1574 | D:3      | Noticed Grinder
  1576 | D:3      | Paralysed by Grinder for 3 turns
  1585 | D:3      | Killed Grinder
  1585 | D:3      | Reached skill level 8 in Maces & Flails
  1585 | D:3      | Reached XP level 6. HP: 36/51 MP: 3/3
  1620 | D:3      | Noticed Jessica
  1626 | D:3      | Killed Jessica
  2119 | D:3      | Noticed benob's ghost (average DsNe)
  2311 | D:3      | Killed benob's ghost
  2311 | D:3      | Reached skill level 9 in Maces & Flails
  2311 | D:3      | Reached XP level 7. HP: 55/57 MP: 3/3
  2485 | D:3      | Noticed Natasha
  2507 | D:3      | Killed Natasha
  2670 | D:3      | Noticed Natasha
  2676 | D:3      | Killed Natasha
  3307 | D:4      | Noticed Crazy Yiuf
  3317 | D:4      | Killed Crazy Yiuf
  3317 | D:4      | Reached skill level 10 in Maces & Flails
  3628 | D:4      | Got a brightly glowing whip
  3851 | D:5      | Entered Level 5 of the Dungeon
  3903 | D:5      | Identified the +8 whip of Responsibility {vamp, Noisy rPois rF+ rC+} (You found it on level 4 of the Dungeon)
  4027 | D:5      | Got a jewelled whip
  4047 | D:5      | Reached skill level 11 in Maces & Flails
  4059 | D:5      | Identified the cursed -2 whip of the Eight Places {slash, rN+ Stlth--} (You found it on level 5 of the Dungeon)
  4117 | D:5      | Reached XP level 8. HP: 64/64 MP: 3/3
  4118 | D:5      | Noticed Eustachio
  4159 | D:5      | Killed Eustachio
  4242 | D:5      | Found a white marble altar of Elyvilon.
  4247 | D:5      | Noticed an angel
  4416 | D:6      | Found a staircase to the Ecumenical Temple.
  4418 | D:6      | Found a sparkling altar of Nemelex Xobeh.
  4423 | Temple   | Entered the Ecumenical Temple
  4503 | D:6      | Reached skill level 12 in Maces & Flails
  4565 | D:6      | Found a stormy altar of Qazlal.
  4681 | D:6      | Found a blossoming altar of Fedhas.
  5148 | D:6      | Became a worshipper of Qazlal Stormbringer
  5299 | D:7      | Reached skill level 13 in Maces & Flails
  5509 | D:7      | Reached XP level 9. HP: 70/70 MP: 4/4
  5620 | D:7      | Acquired Qazlal's first power
  5943 | D:7      | Found a burning altar of Makhleb.
  5956 | D:7      | Reached skill level 14 in Maces & Flails
  7231 | D:9      | Reached skill level 15 in Maces & Flails
  7320 | D:9      | Acquired Qazlal's second power
  7390 | D:9      | Found Pnauhy's Book Boutique.
  7509 | D:9      | Found a shimmering altar of Xom.
  7693 | D:9      | Found an ancient bone altar of Kikubaaqudgha.
  7833 | D:10     | Entered Level 10 of the Dungeon
  7874 | D:10     | Noticed Simboubou's ghost (powerful MiBe)
  8216 | D:10     | Reached skill level 16 in Maces & Flails
  8248 | D:10     | Reached XP level 10. HP: 77/77 MP: 4/4
  8811 | D:10     | Acquired Qazlal's third power
  8988 | D:9      | Gained mutation: Your spells are a little harder to cast, but a little more powerful. [potion of beneficial mutation]
  9155 | D:10     | Killed Simboubou's ghost
  9155 | D:10     | Reached skill level 5 in Fighting
  9155 | D:10     | Reached skill level 5 in Armour
  9155 | D:10     | Reached skill level 1 in Invocations
  9584 | D:11     | Found a staircase to the Lair.
  9935 | D:11     | Noticed a hill giant
  9952 | D:11     | Killed a hill giant
  9953 | D:11     | Found a staircase to the Orcish Mines.
  9995 | D:11     | Acquired Qazlal's fourth power
 10441 | D:11     | Reached XP level 11. HP: 81/92 MP: 9/10
 10667 | Lair:1   | Entered Level 1 of the Lair of Beasts
 10964 | Lair:1   | Acquired Qazlal's fifth power
 11463 | Lair:1   | Reached skill level 10 in Fighting
 11485 | Lair:1   | Found a bloodstained altar of Trog.
 11752 | Lair:1   | Reached skill level 5 in Invocations
 11815 | Lair:2   | Noticed Prince Ribbit
 11818 | Lair:2   | Noticed a four-headed hydra
 11820 | Lair:2   | Killed Prince Ribbit
 11820 | Lair:2   | Reached skill level 10 in Armour
 11840 | Lair:2   | Killed a four-headed hydra
 11840 | Lair:2   | Reached XP level 12. HP: 50/108 MP: 15/15
 12990 | Lair:3   | Noticed Fannar
 13020 | Lair:3   | Killed Fannar
 13241 | Lair:3   | Found an ancient bone altar of Kikubaaqudgha.
 13755 | Lair:3   | Noticed a seven-headed hydra
 13762 | Lair:3   | Killed a seven-headed hydra
 14088 | Lair:4   | Found a staircase to the Shoals.
 14365 | Lair:4   | Reached XP level 13. HP: 119/122 MP: 20/20
 15553 | Lair:5   | Found a staircase to the Snake Pit.
 16399 | Lair:6   | Noticed Snorg
 16418 | Lair:6   | Killed Snorg
 16918 | Lair:7   | Found a staircase to the Slime Pits.
 16949 | Lair:7   | Noticed Maud
 16972 | Lair:7   | Killed Maud
 17342 | Lair:7   | Noticed Erica
 17364 | Lair:7   | Killed Erica
 17892 | Lair:8   | Entered Level 8 of the Lair of Beasts
 17986 | Lair:8   | Identified a scroll of acquirement
 17987 | Lair:8   | Got a faintly glowing hat
 17994 | Lair:8   | Identified the -4 hat of Courage {rElec rN+} (You acquired it on level 8 of the Lair of Beasts)
 18053 | Lair:8   | Reached XP level 14. HP: 133/133 MP: 22/22
 18113 | Lair:8   | Reached skill level 15 in Fighting
 18375 | Lair:8   | Reached skill level 15 in Armour
 18529 | Lair:8   | Found a burning altar of Makhleb.
 18924 | Lair:8   | Found a gateway to Hell.
 18967 | Lair:8   | Noticed a dire elephant
 19002 | Lair:8   | Killed a dire elephant
 20415 | D:12     | Noticed Sonja
 20478 | D:12     | Cast into the Abyss (Sonja)
 20506 | Abyss:1  | Found a corrupted altar of Lugonu.
 20548 | Abyss:1  | Noticed a daeva
 20609 | Abyss:1  | Noticed a Hell Sentinel
 20617 | Abyss:1  | Killed from afar by a starcursed mass

Action                   |  1- 3 |  4- 6 |  7- 9 | 10-12 | 13-15 || total
-------------------------+-------+-------+-------+-------+-------++-------
Melee: Flail             |    25 |       |       |       |       ||    25
       Whip              |    82 |   115 |   560 |  1019 |   980 ||  2756
Invok: Disaster Area     |       |       |       |       |     5 ||     5
       Upheaval          |       |       |       |       |     1 ||     1
       Elemental Force   |       |       |       |       |     1 ||     1
Evoke: Wand              |       |       |     5 |    13 |     4 ||    22
  Use: Potion            |       |     3 |     3 |     3 |     4 ||    13
       Scroll            |       |       |    21 |    10 |     4 ||    35
 Stab: Invisible         |       |       |       |     4 |       ||     4
       Distracted        |       |       |       |       |     1 ||     1
  Eat: Chunk             |       |     4 |    17 |    19 |    20 ||    60
       Bread ration      |       |       |     1 |       |       ||     1
       Pizza             |       |       |     2 |     1 |     1 ||     4
       Fruit             |       |       |     1 |       |       ||     1
